 Dungeon Crawl Stone Soup version 0.23-a0-650-ga4d50d4d25 (webtiles) character file.

90 EnegeticOcto the Chopper (level 4, -5/41 HPs)
             Began as a Hill Orc Abyssal Knight on Jan 4, 2019.
             Was a Believer of Lugonu.
             Killed from afar by an orc wizard (7 damage)
             ... with a puff of flame
             ... on level 3 of the Dungeon.
             The game lasted 00:02:13 (2585 turns).

EnegeticOcto the Chopper (Hill Orc Abyssal Knight)  Turns: 2585, Time: 00:02:14

Health: -5/41      AC:  5    Str: 14    XL:     4   Next: 56%
Magic:  5/5        EV: 11    Int: 12    God:    Lugonu [**....]
Gold:   107        SH:  0    Dex: 11    Spells: 3/3 levels left

rFire    . . .     SeeInvis .   a - +1 hand axe
rCold    . . .     Gourm    .   (no shield)
rNeg     . . .     Faith    .   b - +0 leather armour
rPois    .         Spirit   .   o - +0 helmet
rElec    .         Reflect  .   (no cloak)
rCorr    +         Harm     .   (no gloves)
MR       .....                  f - +0 pair of boots
Stlth    ..........             (no amulet)
HPRegen  0.13/turn              d - ring of attention (curse)
MPRegen  0.09/turn              q - ring of resist corrosion

@: no status effects
A: no striking features
a: Depart the Abyss, Bend Space, Renounce Religion


You were on level 3 of the Dungeon.
You worshipped Lugonu.
Lugonu was pleased with you.
You were very hungry.

You visited 1 branch of the dungeon, and saw 3 of its levels.
You visited the Abyss 1 time.

You collected 107 gold pieces.

Inventory:

Hand Weapons
 a - a +1 hand axe (weapon)
Armour
 b - a +0 leather armour (worn)
 f - a +0 pair of boots (worn)
 o - a +0 helmet (worn)
Jewellery
 d - a cursed ring of attention (left hand)
 q - a ring of resist corrosion (right hand)
Scrolls
 e - 2 scrolls of teleportation {@r3 !r}
Potions
 g - a potion of heal wounds {@q2}
 h - 2 potions of curing {unknown}
 i - 2 potions of resistance {unknown}
 j - a potion of agility {unknown}
 k - 2 potions of lignification
 m - 2 potions of flight {unknown}
Comestibles
 c - 4 rations


   Skills:
 + Level 4.6 Fighting
 * Level 5.3 Axes
 - Level 2.1 Armour
 - Level 0.7 Dodging
 - Level 2.4 Invocations


You had 3 spell levels left.
You didn't know any spells.
Your spell library was empty.

Dungeon Overview and Level Annotations

Branches:
Dungeon (3/15)

Altars:
Qazlal


Message History

The orc wizard is severely wounded.
You hit the orc.
The orc hits you from afar with a +0 trident.
* * * LOW HITPOINT WARNING * * *
The orc wizard points at you and mumbles some strange words.
The magic dart hits you!
* * * LOW HITPOINT WARNING * * *
The orc hits you but does no damage.
You barely miss the orc wizard.
The orc wizard is severely wounded.
You hit the orc but do no damage. The orc hits you but does no damage.
The orc wizard hits you but does no damage.
The orc hits you with a +0 dagger.
* * * LOW HITPOINT WARNING * * *
You closely miss the orc wizard.
The orc wizard is severely wounded.
You closely miss the orc. The orc wizard casts a spell at you.
The puff of flame hits you!
You die...

###########
#.........#
#.........#
#......o..#
#.....†o..#
#.....o@./#
#...........#
#.........#.#
#.........#
.#
#.........#
#######.###
#.# #..


You could see an orc wizard and 2 orcs.

Vanquished Creatures
  Robin (D:2)
  A gnoll (D:1)
  2 adders (D:2)
  A worm (D:2)
  A dart slug (D:2)
  2 leopard geckos
  An orc (D:3)
  A giant cockroach (D:2)
  13 goblins
  5 hobgoblins
  4 kobolds
  3 bats (D:1)
  4 frilled lizards
  3 rats (D:1)
42 creatures vanquished.

Notes
Turn   | Place    | Note
-------+----------+-------------------------------------------
     0 | Abyss:1  | EnegeticOcto the Hill Orc Abyssal Knight began the quest
                  | for the Orb.
     0 | Abyss:1  | Reached XP level 1. HP: 19/19 MP: 2/2
     7 | Abyss:1  | Found a corrupted altar of Lugonu.
    74 | D:1      | Escaped the Abyss
   174 | D:1      | Reached skill level 3 in Axes
   273 | D:1      | Reached XP level 2. HP: 23/27 MP: 3/3
   817 | D:1      | Reached skill level 4 in Axes
   817 | D:1      | Reached XP level 3. HP: 16/33 MP: 4/4
  1227 | D:2      | Found a stormy altar of Qazlal.
  1712 | D:2      | Reached ** piety under Lugonu
  1769 | D:2      | Noticed Robin
  1797 | D:2      | Reached XP level 4. HP: 28/41 MP: 5/5
  1807 | D:2      | Killed Robin
  1807 | D:2      | Reached skill level 5 in Axes
  2584 | D:3      | HP: 2/41 [orc/+0 dagger (2)]
  2585 | D:3      | Killed from afar by an orc wizard

Vault maps used:
D:1:      shiori_arrival_elements
D:2:      overflow_temple_1_default, first_ration, uniq_robin
D:3:      uniq_grinder

Skill      XL: |  1  2  3  4 |
---------------+-------------+-----
Axes           | 3 4 5 |  5.3
Fighting       | 4 |  4.6
Armour         | |  2.1
Dodging        | |  0.7
Invocations    | |  2.4

Action                   |  1- 3 |  4- 6 || total
-------------------------+-------+-------++-------
Melee: Hand axe          |    94 |    53 ||   147
  Use: Scroll            |     2 |     4 ||     6
 Stab: Distracted        |     1 |       ||     1
  Eat: Chunk             |     2 |     2 ||     4
Armor: Leather armour    |    23 |    16 ||    39
Dodge: Dodged            |    61 |    32 ||    93

Table legend:
 A = Non-vault XP
 B = Vault XP
 C = Vault XP percentage of total XP
 D = Non-vault monster count
 E = Vault monster count
 F = Vault count percentage of total count
                 A         B        C        D         E       F
            +---------+---------+-------+---------+---------+-------
      Total |      94 |      35 |  27.1 |      30 |      12 |  28.6
            +---------+---------+-------+---------+---------+-------
        D:1 |      42 |       0 |   0.0 |      17 |       0 |   0.0
        D:2 |      49 |      35 |  41.7 |      12 |      12 |  50.0
        D:3 |       3 |       0 |   0.0 |       1 |       0 |   0.0
            +---------+---------+-------+---------+---------+-------
